Map: Lightshade LE

Players

GogojOey

  • Race: Zerg Zerg

Has - Winner!

  • Race: Protoss Protoss

Event: DreamHack SC2 Masters 2021 Fall

VOD

Have the link to the VOD?

Description

Time

  • Played on: July 29, 2021, 7:51 a.m.
  • Length: 7:54

All games in this series

Show
View Real Time Build Order
Export as new Build Order

GogojOey Zerg 

Build Orders: Hatch First 

Get SALT Encoding   

  12  0:00  Drone  
  13  0:12  Overlord  
  13  0:16  Drone  
  14  0:31  Drone x2  
  16  0:37  Drone  
  17  0:53  Hatchery  
  17  0:55  Drone  
  17  0:59  Drone  
  18  1:08  Extractor  
  17  1:13  Spawning Pool  
  17  1:16  Drone  
  17  1:19  Drone  
  18  1:28  Drone  
  19  1:41  Drone  
  20  1:49  Drone  
  21  2:00  Zergling x2  
  22  2:04  Queen  
  22  2:05  Queen  
  22  2:06  Zergling x2  
  27  2:09  Metabolic Boost  
  27  2:11  Overlord  
  27  2:16  Drone  
  28  2:29  Drone x2  
  30  2:33  Drone  
  31  2:42  Hatchery  
  31  2:43  Queen  
  32  2:51  Overlord  
  32  2:53  Drone x2  
  32  2:57  Drone  
  34  3:08  Drone x2  
  34  3:10  Drone  
  36  3:13  Drone  
  36  3:14  Drone x4  
  41  3:20  Overlord  
  41  3:22  Overlord  
  41  3:28  Overlord  
  41  3:38  Overlord  
  41  3:39  Drone x2  
  43  3:45  Lair  
  43  3:46  Drone  
  43  3:47  Drone x3  
  47  3:50  Queen  
  47  3:52  Drone  
  50  3:56  Queen  
  52  4:04  Roach Warren  
  52  4:05  Drone x2  
  52  4:06  Extractor  
  52  4:10  Drone x2, Evolution Chamber  
  52  4:12  Drone  
  52  4:13  Drone  
  52  4:15  Drone  
  56  4:19  Zergling x4  
  58  4:26  Drone x3  
  58  4:28  Overlord  
  61  4:31  Drone  
  61  4:33  Queen  
  61  4:34  Extractor, Overlord  
  61  4:35  Extractor  
  61  4:38  Drone x2  
  64  4:39  Drone  
  64  4:42  Zerg Missile Weapons Level 1  
  65  4:46  Glial Reconstitution  
  65  4:50  Zergling x2, Drone, Roach  
  65  4:51  Zergling x2  
  70  4:59  Zergling x8, Roach x2  
  78  5:02  Roach  
  78  5:03  Zergling x2  
  81  5:09  Overlord x2  
  81  5:16  Overlord  
  81  5:18  Roach  
  77  5:24  Zergling x2, Roach x4  
  69  5:29  Zergling x2, Roach  
  69  5:30  Zergling x4, Roach  
  69  5:33  Roach  
  64  5:37  Roach  
  64  5:40  Roach  
  58  5:47  Zergling x4, Roach  
  58  5:48  Zergling x2  
  61  5:54  Zergling x2, Roach  
  54  6:04  Drone  
  54  6:05  Drone x4  
  54  6:07  Drone  
  54  6:09  Drone  
  56  6:13  Drone  
  56  6:16  Drone  
  58  6:18  Drone  
  58  6:25  Drone x2  
  59  6:27  Drone x2  
  59  6:30  Drone  
  61  6:33  Drone  
  61  6:36  Drone  
  61  6:38  Drone  
  63  6:42  Overseer  
  63  6:45  Roach  
  63  6:47  Overseer, Roach  
  65  6:51  Roach x2  
  65  6:53  Ravager x2  
  62  7:02  Roach x2  
  66  7:10  Roach  
  66  7:11  Queen  
  70  7:18  Roach  
  70  7:21  Ravager  
  70  7:22  Roach  
  75  7:23  Roach  
  77  7:35  Roach x2  
Show
View Real Time Build Order
Export as new Build Order

Has Protoss - Winner!

Build Orders: 1 Gate Expand, Zealot Archon 

Get SALT Encoding   

  12  0:00  Probe  
  13  0:12  Probe  
  14  0:20  Pylon  
  14  0:24  Probe  
  15  0:28  Assimilator  
  15  0:38  Probe (Chrono Boost)  
  16  0:42  Gateway  
  17  0:50  Probe (Chrono Boost)  
  17  0:55  Probe (Chrono Boost)  
  18  1:04  Probe  
  19  1:16  Probe  
  20  1:24  Nexus  
  20  1:33  Cybernetics Core  
  20  1:36  Probe  
  21  1:42  Assimilator  
  21  1:48  Probe  
  21  1:53  Pylon  
  22  2:01  Probe  
  23  2:09  Sentry (Chrono Boost)  
  23  2:13  Probe  
  23  2:14  Warp Gate  
  26  2:16  Forge  
  26  2:25  Probe  
  26  2:26  Stalker (Chrono Boost)  
  29  2:37  Probe x2  
  29  2:44  Twilight Council  
  31  2:49  Zealot, Probe  
  34  2:54  Probe  
  35  3:01  Probe  
  35  3:04  Protoss Ground Weapons Level 1 (Chrono Boost)  
  35  3:06  Probe  
  36  3:13  Probe  
  36  3:17  Gateway  
  36  3:19  Charge (Chrono Boost)  
  37  3:25  Probe  
  38  3:34  Gateway  
  38  3:35  Gateway  
  38  3:36  Probe  
  38  3:40  Probe  
  40  3:44  Probe  
  40  3:48  Pylon  
  40  3:52  Probe x2  
  43  4:04  Nexus  
  43  4:06  Zealot  
  46  4:14  Zealot  
  46  4:16  Pylon, Probe x2  
  49  4:21  Dark Shrine  
  49  4:28  Zealot  
  49  4:30  Zealot  
  53  4:35  Zealot x2  
  53  4:37  Probe  
  58  4:41  Pylon  
  59  4:49  Zealot  
  59  4:50  Protoss Ground Armor Level 1 (Chrono Boost)  
  59  4:52  Zealot  
  62  4:54  Pylon  
  62  4:59  Zealot x2  
  66  5:03  Probe x2  
  68  5:19  Probe  
  68  5:20  Zealot x4  
  75  5:28  Probe  
  72  5:29  Probe  
  72  5:35  Probe  
  72  5:40  Gateway, Probe  
  72  5:41  Gateway  
  71  5:43  Gateway, Probe  
  71  5:48  Zealot x3  
  78  5:53  Probe  
  78  5:54  Zealot  
  78  5:56  Probe  
  78  6:00  Probe  
  69  6:05  Probe  
  69  6:10  Probe  
  65  6:14  Dark Templar  
  65  6:15  Dark Templar x3  
  71  6:21  Shield Battery, Photon Cannon  
  71  6:24  Probe  
  71  6:25  Probe x2  
  70  6:27  Pylon  
  70  6:35  Zealot  
  70  6:39  Zealot x2  
  72  6:42  Pylon  
  72  6:51  Zealot x4  
  80  6:56  Zealot  
  80  6:57  Probe  
  80  6:58  Probe x2  
  80  7:00  Archon x2  
  85  7:07  Dark Templar x2  
  85  7:09  Pylon, Probe  
  85  7:11  Archon  
  85  7:12  Zealot x4  
  94  7:19  Assimilator x2  
  94  7:20  Pylon  
  94  7:21  Zealot  
  94  7:22  Pylon  
  96  7:25  Pylon  
  96  7:27  Pylon  
  94  7:35  Zealot x4  
  102  7:42  Zealot x3  

Tags
 
Add a new tag
Caveats
  • Supply blocks, unpowered buildings, or Contaminate may cause inaccurate times.
  • Supply counts are checked every 10 seconds.